[ PARTIDA AOE2 · #504940346 ]
UnrankedTeutones vs Gurjaras
Equipo del jugador · VICT
Equipo rival · DERR
[ ANÁLISIS DE REPETICIÓN · EXTRAÍDO DE LA PARTIDA GRABADA ]
Feudal
9:44
Castillos
31:47
Imperial
—
| APM promedio | 34.7 |
| APM pico | 81 |
| eAPM promedio | 19.1 |
| Aldeanos / militares | 56 / 40 |
Foco
⚔️ 30.0% · 🌾 70.0%
Knight ×29 · Militia ×11
Feudal
9:22
Castillos
22:37
Imperial
—
| APM promedio | 37.1 |
| APM pico | 78 |
| eAPM promedio | 23.3 |
| Aldeanos / militares | 114 / 36 |
Foco
⚔️ 31.0% · 🌾 69.0%
Elephant Archer ×11 · Camel Scout ×7 · Militia ×6 · Mangonel ×6 · Archer ×5 · Monk ×1
Mapa de la partida
Recursos iniciales + cada clic de construcción. Líneas = muros · curvas = relieve. ◆ oro · ⬟ piedra · ● bayas · ✦ reliquia · ◌ hueco del cierre
Tu base· Abierta — flanco sin cerrar
Base de kV0t3· ✓ Cerrada en 22:37 · 81t muro · 2 puerta(s)
Terreno inicial suavizado · ◌ = hueco del cierre detectado · pasá el cursor para detalles
Inputs por minuto
— ELEG VACASADA - - kV0t3
Build order — ELEG VACASADA
Primeras 150 de 163 acciones detectadas
| 0:00 | Encolar | Villager (Male) |
| 0:02 | Construir | House |
| 0:04 | Construir | House |
| 0:49 | Encolar | Villager (Male) |
| 0:54 | Encolar | Villager (Male) |
| 0:55 | Encolar | Villager (Male) |
| 1:32 | Encolar | Villager (Male) |
| 1:48 | Construir | Lumber Camp |
| 2:07 | Encolar | Villager (Male) |
| 2:29 | Encolar | Villager (Male) |
| 3:01 | Encolar | Villager (Male) |
| 3:28 | Encolar | Villager (Male) |
| 3:45 | Encolar | Villager (Male) |
| 4:11 | Encolar | Villager (Male) |
| 4:38 | Construir | House |
| 4:51 | Encolar | Villager (Male) |
| 5:19 | Construir | Barracks |
| 5:22 | Encolar | Villager (Male) |
| 5:49 | Encolar | Villager (Male) |
| 6:15 | Encolar | Villager (Male) |
| 6:23 | Construir | House |
| 6:44 | Encolar | Villager (Male) |
| 7:07 | Investigar | Loom |
| 7:18 | Construir | Mining Camp |
| 7:33 | Investigar | Feudal Age |
| 8:21 | Encolar | Militia |
| 8:22 | Encolar | Militia |
| 8:34 | Construir | Mill |
| 8:45 | Encolar | Militia |
| 9:22 | Construir | Farm |
| 9:25 | Construir | Farm |
| 9:30 | Encolar | Militia |
| 9:44 | Edad | Edad Feudal |
| 9:47 | Construir | Mining Camp |
| 10:11 | Encolar | Villager (Male) |
| 10:44 | Construir | Farm |
| 11:06 | Encolar | Villager (Male) |
| 11:07 | Encolar | Villager (Male) |
| 11:31 | Construir | Palisade Wall |
| 11:32 | Construir | Palisade Wall |
| 11:34 | Construir | Palisade Wall |
| 11:49 | Investigar | Man-at-Arms (upgrade) |
| 12:07 | Construir | House |
| 12:18 | Encolar | Villager (Male) |
| 12:48 | Encolar | Villager (Male) |
| 12:49 | Encolar | Villager (Male) |
| 13:02 | Construir | Watch Tower |
| 13:20 | Construir | Farm |
| 13:22 | Construir | Farm |
| 13:25 | Construir | Farm |
| 13:55 | Construir | Watch Tower |
| 14:23 | Encolar | Militia |
| 14:23 | Encolar | Militia |
| 14:24 | Encolar | Militia |
| 14:55 | Encolar | Villager (Male) |
| 15:02 | Construir | House |
| 15:06 | Construir | House |
| 15:08 | Construir | House |
| 15:10 | Encolar | Villager (Male) |
| 15:11 | Construir | Farm |
| 15:14 | Construir | Farm |
| 15:42 | Encolar | Militia |
| 15:44 | Construir | Farm |
| 15:46 | Encolar | Villager (Male) |
| 15:53 | Construir | Mining Camp |
| 15:57 | Encolar | Militia |
| 16:37 | Encolar | Villager (Male) |
| 16:37 | Encolar | Villager (Male) |
| 16:40 | Construir | Farm |
| 16:42 | Construir | Farm |
| 17:39 | Construir | Mining Camp |
| 17:41 | Encolar | Villager (Male) |
| 17:41 | Encolar | Villager (Male) |
| 17:45 | Construir | Farm |
| 17:48 | Construir | Farm |
| 17:50 | Encolar | Villager (Male) |
| 17:54 | Construir | Blacksmith |
| 17:57 | Encolar | Villager (Male) |
| 18:43 | Encolar | Militia |
| 18:43 | Encolar | Militia |
| 18:48 | Construir | Mining Camp |
| 19:03 | Encolar | Villager (Male) |
| 19:22 | Encolar | Villager (Male) |
| 19:29 | Construir | Farm |
| 19:33 | Investigar | Arson |
| 19:55 | Construir | Watch Tower |
| 20:09 | Encolar | Villager (Male) |
| 20:17 | Construir | House |
| 20:18 | Construir | House |
| 20:25 | Investigar | Forging |
| 21:15 | Encolar | Villager (Male) |
| 21:18 | Encolar | Villager (Male) |
| 21:23 | Encolar | Villager (Male) |
| 21:23 | Encolar | Villager (Male) |
| 21:25 | Construir | House |
| 21:27 | Construir | House |
| 21:29 | Construir | House |
| 21:36 | Encolar | Villager (Male) |
| 22:23 | Investigar | Fletching |
| 22:26 | Encolar | Villager (Male) |
| 22:47 | Construir | Watch Tower |
| 22:59 | Encolar | Villager (Male) |
| 22:59 | Encolar | Villager (Male) |
| 23:12 | Encolar | Villager (Male) |
| 23:13 | Encolar | Villager (Male) |
| 23:32 | Construir | Watch Tower |
| 23:46 | Encolar | Villager (Male) |
| 23:49 | Encolar | Villager (Male) |
| 24:39 | Construir | Watch Tower |
| 25:54 | Construir | Watch Tower |
| 27:24 | Construir | Market |
| 27:27 | Construir | House |
| 27:29 | Encolar | Villager (Male) |
| 27:30 | Encolar | Villager (Male) |
| 27:49 | Construir | Watch Tower |
| 28:18 | Construir | Mining Camp |
| 29:07 | Investigar | Castle Age |
| 29:11 | Construir | Stable |
| 29:23 | Construir | Stable |
| 29:27 | Construir | Stable |
| 30:15 | Investigar | Scale Barding Armor |
| 31:16 | Investigar | Bloodlines |
| 31:47 | Edad | Edad de los Castillos |
| 31:55 | Encolar | Knight |
| 31:56 | Encolar | Knight |
| 31:56 | Encolar | Knight |
| 31:56 | Encolar | Knight |
| 31:56 | Encolar | Knight |
| 31:57 | Encolar | Knight |
| 31:57 | Encolar | Knight |
| 31:57 | Encolar | Knight |
| 31:57 | Encolar | Knight |
| 31:57 | Encolar | Knight |
| 31:58 | Encolar | Knight |
| 32:44 | Investigar | Iron Casting |
| 32:47 | Encolar | Knight |
| 33:09 | Encolar | Knight |
| 33:09 | Encolar | Knight |
| 33:54 | Encolar | Knight |
| 33:55 | Encolar | Knight |
| 33:55 | Encolar | Knight |
| 34:24 | Encolar | Villager (Male) |
| 34:25 | Encolar | Villager (Male) |
| 34:35 | Encolar | Knight |
| 34:35 | Encolar | Knight |
| 34:35 | Encolar | Knight |
| 34:36 | Encolar | Knight |
| 34:36 | Encolar | Knight |
| 34:36 | Encolar | Knight |
| 35:04 | Encolar | Villager (Male) |
Build order — kV0t3
Primeras 150 de 265 acciones detectadas
| 0:01 | Investigar | Loom |
| 0:01 | Encolar | Villager (Male) ×4 |
| 0:02 | Construir | House |
| 0:04 | Construir | House |
| 0:57 | Construir | Mill |
| 1:54 | Encolar | Villager (Male) |
| 1:54 | Encolar | Villager (Male) |
| 2:26 | Encolar | Villager (Male) |
| 2:41 | Encolar | Villager (Male) |
| 2:44 | Encolar | Villager (Male) |
| 2:44 | Encolar | Villager (Male) |
| 3:09 | Encolar | Villager (Male) |
| 3:23 | Encolar | Villager (Male) |
| 3:23 | Encolar | Villager (Male) |
| 4:02 | Encolar | Villager (Male) |
| 4:06 | Encolar | Villager (Male) |
| 4:30 | Construir | House |
| 5:01 | Encolar | Villager (Male) |
| 5:13 | Encolar | Villager (Male) |
| 5:30 | Encolar | Villager (Male) |
| 5:53 | Encolar | Villager (Male) |
| 6:13 | Construir | Barracks |
| 6:24 | Encolar | Villager (Male) |
| 6:52 | Construir | House |
| 7:01 | Encolar | Villager (Male) |
| 7:13 | Investigar | Feudal Age |
| 7:31 | Encolar | Militia ×2 |
| 7:31 | Encolar | Militia ×2 |
| 7:33 | Encolar | Villager (Male) |
| 7:55 | Construir | Palisade Wall |
| 7:56 | Encolar | Villager (Male) |
| 8:09 | Encolar | Militia |
| 8:09 | Encolar | Militia |
| 8:35 | Construir | Lumber Camp |
| 8:37 | Encolar | Villager (Male) |
| 8:51 | Construir | Palisade Wall |
| 8:57 | Encolar | Villager (Male) |
| 9:04 | Construir | Palisade Wall |
| 9:08 | Construir | Palisade Wall |
| 9:22 | Edad | Edad Feudal |
| 9:26 | Encolar | Villager (Male) |
| 9:32 | Construir | House |
| 9:35 | Construir | Palisade Wall |
| 9:39 | Construir | Palisade Wall |
| 9:45 | Investigar | Man-at-Arms (upgrade) |
| 9:57 | Encolar | Villager (Male) |
| 10:01 | Construir | Palisade Wall |
| 10:03 | Construir | Palisade Wall |
| 10:06 | Encolar | Villager (Male) |
| 10:06 | Encolar | Villager (Male) |
| 10:49 | Encolar | Villager (Male) |
| 10:52 | Construir | Mill |
| 11:13 | Encolar | Villager (Male) |
| 11:16 | Construir | Palisade Gate |
| 11:19 | Construir | Palisade Wall |
| 11:34 | Construir | Farm |
| 11:53 | Encolar | Villager (Male) |
| 12:00 | Construir | House |
| 12:07 | Construir | Palisade Wall |
| 12:10 | Construir | Farm |
| 12:16 | Encolar | Villager (Male) |
| 12:28 | Construir | Farm |
| 12:31 | Encolar | Villager (Male) |
| 12:37 | Construir | Farm |
| 12:55 | Construir | Farm |
| 12:55 | Encolar | Villager (Male) |
| 13:01 | Construir | House |
| 13:08 | Encolar | Villager (Male) |
| 13:20 | Investigar | Double-Bit Axe |
| 13:27 | Encolar | Villager (Male) |
| 13:54 | Construir | Watch Tower |
| 13:57 | Encolar | Villager (Male) |
| 14:07 | Encolar | Villager (Male) |
| 14:10 | Encolar | Villager (Male) |
| 14:41 | Encolar | Villager (Male) |
| 14:46 | Encolar | Villager (Male) |
| 14:51 | Encolar | Villager (Male) |
| 15:02 | Construir | Market |
| 15:15 | Encolar | Villager (Male) |
| 15:17 | Construir | Mining Camp |
| 15:20 | Encolar | Villager (Male) |
| 15:36 | Construir | Farm |
| 15:39 | Construir | Farm |
| 15:39 | Construir | Farm |
| 15:40 | Construir | Farm |
| 15:40 | Construir | Farm |
| 15:45 | Encolar | Villager (Male) |
| 16:22 | Encolar | Villager (Male) |
| 16:24 | Encolar | Villager (Male) |
| 16:29 | Encolar | Villager (Male) |
| 16:37 | Construir | Farm |
| 16:37 | Construir | Farm |
| 16:38 | Construir | Farm |
| 16:38 | Construir | Farm |
| 16:38 | Construir | Farm |
| 16:38 | Construir | Farm |
| 16:38 | Construir | Farm |
| 16:58 | Encolar | Villager (Male) |
| 17:05 | Construir | Lumber Camp |
| 17:10 | Construir | House |
| 17:13 | Encolar | Villager (Male) |
| 17:15 | Construir | House |
| 17:16 | Encolar | Villager (Male) |
| 17:36 | Construir | Watch Tower |
| 17:41 | Construir | Farm |
| 17:44 | Encolar | Villager (Male) |
| 17:53 | Construir | House |
| 17:57 | Construir | Palisade Wall |
| 18:04 | Construir | Palisade Wall |
| 18:05 | Construir | Palisade Wall |
| 18:12 | Construir | House |
| 18:31 | Encolar | Villager (Male) |
| 18:32 | Encolar | Villager (Male) |
| 18:51 | Encolar | Villager (Male) |
| 19:05 | Construir | Blacksmith |
| 19:07 | Encolar | Villager (Male) |
| 19:20 | Construir | Gate |
| 19:25 | Construir | House |
| 19:28 | Construir | House |
| 19:43 | Construir | House |
| 19:46 | Construir | House |
| 19:50 | Construir | House |
| 19:57 | Investigar | Castle Age |
| 19:57 | Investigar | Castle Age |
| 19:58 | Investigar | Castle Age |
| 20:26 | Encolar | Villager (Male) |
| 20:39 | Investigar | Gold Mining |
| 20:39 | Investigar | Gold Mining |
| 20:43 | Construir | Archery Range |
| 20:54 | Construir | Palisade Wall |
| 21:00 | Construir | Palisade Wall |
| 21:10 | Construir | House |
| 21:15 | Construir | Palisade Wall |
| 21:17 | Encolar | Villager (Male) |
| 21:23 | Construir | House |
| 21:24 | Encolar | Archer |
| 21:24 | Encolar | Archer |
| 21:33 | Encolar | Villager (Male) |
| 21:37 | Encolar | Archer |
| 22:02 | Investigar | Fletching |
| 22:11 | Encolar | Archer |
| 22:14 | Construir | House |
| 22:20 | Encolar | Archer |
| 22:24 | Encolar | Villager (Male) |
| 22:37 | Edad | Edad de los Castillos |
| 22:43 | Construir | Siege Workshop |
| 22:59 | Encolar | Villager (Male) |
| 23:12 | Encolar | Villager (Male) |
| 23:13 | Encolar | Villager (Male) |
| 23:13 | Encolar | Villager (Male) |
Cronología de la partida
| 5:19 | ELEG VACASADA · first_building Barracks |
| 6:13 | kV0t3 · first_building Barracks |
| 7:55 | kV0t3 · wall_segment Palisade Wall x7 |
| 8:51 | kV0t3 · wall_segment Palisade Wall x10 |
| 9:04 | kV0t3 · wall_segment Palisade Wall x6 |
| 9:08 | kV0t3 · wall_segment Palisade Wall x7 |
| 9:22 | kV0t3 · age_up feudal |
| 9:35 | kV0t3 · wall_segment Palisade Wall x1 |
| 9:39 | kV0t3 · wall_segment Palisade Wall x18 |
| 9:44 | ELEG VACASADA · age_up feudal |
| 10:01 | kV0t3 · wall_segment Palisade Wall x6 |
| 10:03 | kV0t3 · wall_segment Palisade Wall x12 |
| 11:19 | kV0t3 · wall_segment Palisade Wall x4 |
| 11:31 | ELEG VACASADA · wall_segment Palisade Wall x1 |
| 11:32 | ELEG VACASADA · wall_segment Palisade Wall x1 |
| 11:34 | ELEG VACASADA · wall_segment Palisade Wall x3 |
| 12:07 | kV0t3 · wall_segment Palisade Wall x7 |
| 16:23 | kV0t3 · first_market_buy 100 stone |
| 17:57 | kV0t3 · wall_segment Palisade Wall x1 |
| 18:04 | kV0t3 · wall_segment Palisade Wall x1 |
| 18:05 | kV0t3 · wall_segment Palisade Wall x1 |
| 19:32 | kV0t3 · first_market_sell 100 wood |
| 20:43 | kV0t3 · first_building Archery Range |
| 20:54 | kV0t3 · wall_segment Palisade Wall x2 |
| 21:00 | kV0t3 · wall_segment Palisade Wall x1 |
| 21:15 | kV0t3 · wall_segment Palisade Wall x1 |
| 22:37 | kV0t3 · age_up castle |
| 22:43 | kV0t3 · first_building Siege Workshop |
| 29:06 | kV0t3 · first_building Monastery |
| 29:11 | ELEG VACASADA · first_building Stable |
| 31:30 | kV0t3 · wall_segment Palisade Wall x2 |
| 31:47 | ELEG VACASADA · age_up castle |
| 33:47 | kV0t3 · first_building Stable |
| 35:45 | kV0t3 · wall_segment Palisade Wall x1 |
| 37:28 | kV0t3 · resign |
[ ANÁLISIS IA · 1 CRÉDITO ]
¿Qué pasó realmente en esta partida?
Wolo.gg analiza cada decisión: build order, eco, micro, errores típicos por bracket. Análisis personalizado por WhatsApp o Discord en 30 segundos.
Guía civ
Teutones
Perfil
Jugador #22785759